 Dungeon Crawl Stone Soup version 0.29.1-1-gd02db6906a (webtiles) character file.

Game seed: 1748850955670553579

46 brightshaft the Magician (level 3, -1/28 HPs)
             Began as a Djinni Hedge Wizard on Sept 26, 2022.
             Slain by a river rat (7 damage)
             ... on level 3 of the Dungeon.
             The game lasted 00:01:55 (1459 turns).

brightshaft the Magician (Djinni Hedge Wizard)      Turns: 1459, Time: 00:01:56

Health: -1/28      AC:  2    Str:  9    XL:     3   Next: 95%
Gold:   57         EV: 12    Int: 17    God:
                   SH:  0    Dex: 12

rFire   + + .      SeeInvis .   a - +0 dagger
rCold   x . .      Faith    .   (no shield)
rNeg    . . .      Spirit   .   b - +0 robe
rPois   ∞          Reflect  .   c - +0 hat
rElec   .          Harm     .   (no cloak)
rCorr   .          Rampage  .   (no gloves)
Will    .....                   (boots unavailable)
Stlth   ++........              (no amulet)
HPRegen 0.09/turn               (no ring)
MPRegen 0.00/turn               (no ring)

@: flying
A: sickness immunity, fire resistance 2, cold vulnerability 1, float, innate
caster, HP casting, extra vitality 1
a: no special abilities


You were on level 3 of the Dungeon.
You visited 1 branch of the dungeon, and saw 3 of its levels.

You collected 57 gold pieces.

Inventory:

Hand Weapons
 a - a +0 dagger (weapon)
Missiles
 e - a throwing net
Armour
 b - a +0 robe (worn)
 c - a +0 hat (worn)
Jewellery
 h - a ring of positive energy
Scrolls
 d - a scroll of summoning {unknown}
 f - a scroll of magic mapping {unknown}
Potions
 g - a potion of curing {unknown}


   Skills:
 + Level 1.9 Fighting
 - Level 2.3 Dodging
 - Level 1.7 Stealth
 + Level 3.0 Spellcasting


You couldn't memorise any spells.
You knew the following spells:

 Your Spells              Type           Power      Damage    Failure   Level
a - Magic Dart            Conj           48%        1d5       4%          1
b - Blink                 Tloc           24%        N/A       8%          2
c - Call Imp              Summ           12%        N/A       8%          2
d - Slow                  Hex            48%        N/A       4%          1
e - Conjure Flame         Conj/Fire      12%        6-21      16%         3
f - Mephitic Cloud        Conj/Pois/Air  12%        N/A       16%         3
g - Freeze                Ice            48%        1d7       4%          1
Your spell library was empty.

Dungeon Overview and Level Annotations

Branches:
Dungeon (2/15)

Altars:

Portals:
Sewer: D:3


Innate Abilities, Weirdness & Mutations

You are immune to sickness and miasma.
You are immune to poison.
Your flesh is very heat resistant. (rF++)
You are vulnerable to cold. (rC-)
You float through the air rather than walking.
You learn spells naturally, not from books.
Your magical power is your life essence.
You have superior vitality. (+4 MHP)


Message History

2 river rats come into view.
Found a glowing drain.
You closely miss the river rat. You barely miss the river rat.
The river rat barely misses you.
You hit the river rat.
The river rat is lightly wounded.
The river rat bites you. The river rat closely misses you.
You closely miss the river rat.
The river rat is lightly wounded.
The river rat bites you but does no damage.
The river rat bites you.
You closely miss the river rat.
The river rat is lightly wounded.
The river rat closely misses you. x2
You hit the river rat but do no damage.
You punch the river rat, but do no damage.
The river rat is lightly wounded.
The river rat barely misses you. The river rat closely misses you.
You hit the river rat but do no damage.
The river rat is lightly wounded.
The river rat closely misses you. x2
You hit the river rat.
The river rat is heavily wounded.
The river rat bites you! The river rat misses you.
You barely miss the river rat.
The river rat is heavily wounded.
The river rat bites you!
* * * LOW HITPOINT WARNING * * *
The river rat closely misses you.
You are too injured to fight recklessly!
You are too injured to fight recklessly!
You are too injured to fight recklessly!
You are too injured to fight recklessly!
You are too injured to fight recklessly!
Casting: Call Imp (safe; 8% risk of failure)
Press: ? - help, Q - select action, (/) - cycle Dir - look around, f - activate A beastly little devil appears in a puff of flame.
* * * LOW HITPOINT WARNING * * *
The river rat bites you!
You die...

## ###### #~~
#~.~.#
#~∩~#~~..#
#~~~r@...#
###+#r~5.##
#~~~~~~.÷.##
#~.~~~...†.#
#.~......#.#
#........#.#
##########.####
#....## ####..#


You could see 2 river rats and a friendly crimson imp (summoned).

Vanquished Creatures
  2 endoplasms (D:1)
  2 giant cockroaches (D:1)
  2 goblins
  3 hobgoblins
  A quokka (D:2)
  3 ball pythons
  2 bats (D:1)
  A frilled lizard (D:1)
  3 kobolds (D:1)
  5 rats
24 creatures vanquished.

Vanquished Creatures (collateral kills)
  An adder (D:2)
  A river rat (D:3)
  A goblin (D:2)
  2 ball pythons (D:3)
  A bat (D:2)
  2 rats
8 creatures vanquished.

Grand Total: 32 creatures vanquished

Notes
Turn   | Place    | Note
-------+----------+-------------------------------------------
     0 | D:1      | brightshaft the Djinni Hedge Wizard began the quest for the
                  | Orb.
     0 | D:1      | brightshaft set off with the following spells memorised:
                  | Magic Dart, Blink, Call Imp, Slow, Conjure Flame, Mephitic
                  | Cloud.
     0 | D:1      | Reached XP level 1. HP: 15/15 MP: 0/0
   283 | D:1      | Reached XP level 2. HP: 17/22 MP: 0/0
   694 | D:1      | Reached skill level 1 in Fighting
  1015 | D:2      | Reached XP level 3. HP: 20/27 MP: 0/0
  1015 | D:2      | Learned a level 1 spell: Freeze
  1180 | D:2      | You are sucked into a shaft and drop 1 floor!
  1241 | D:3      | Reached skill level 3 in Spellcasting
  1449 | D:3      | Found a glowing drain.
  1459 | D:3      | Slain by a river rat

Illustrated notes

Levels and vault maps discovered:
D:1:      shiori_shiawase, layout_rooms, amcnicky_mini_pool_small,
          nrook_mini_backslash, chequers_serial_rivers_room_b
D:2:      layout_rooms, basic_altar, ebering_dispersal_statue_hall,
          minmay_misc_feat_encased, minmay_tromino_v2, uniq_crazy_yiuf_cottage
D:3:      layout_loops_cross, mainiacjoe_overflow_24_doors, tgw_trog,
          nicolae_elyvilon_temple_path, portal_sewer_entry_e, chequers_garden,
          uniq_jessica, uniq_ijyb, uniq_natasha

Skill      XL: |  1  2  3 |
---------------+----------+-----
Fighting       | 1 |  1.9
Spellcasting   | 3 |  3.0
Dodging        | |  2.3
Stealth        | |  1.7

Action                   || total
-------------------------++-------
Melee: Dagger            ||    38
       Punch             ||     1
 Cast: Magic Dart        ||    40
       Call Imp          ||     8
Armor: Robe              ||     7
Dodge: Dodged            ||    43
